 Dungeon Crawl Stone Soup version 0.30-a0-883-g5ad918d77d (webtiles) character file.

Game seed: 5517475113732241747

55832 pokedragonboy the Devastator (level 14, 51/68 HPs)
             Began as a Deep Elf Conjurer on Oct 13, 2021.
             Was a High Priest of Sif Muna.
             Quit the game on level 6 of the Lair of Beasts on Mar 16, 2023.
             The game lasted 01:30:00 (23800 turns).

pokedragonboy the Devastator (Deep Elf Conjurer)   Turns: 23800, Time: 01:30:01

Health: 51/68      AC: 10    Str:  8    XL:     14   Next: 39%
Magic:  14/35      EV: 16    Int: 28    God:    Sif Muna [*****.]
Gold:   1416       SH:  5    Dex: 12    Spells: 7/43 levels left

rFire   . . .      SeeInvis .    a - staff of conjuration
rCold   + . .      Faith    +    M - +0 buckler
rNeg    . . .      Spirit   .    W - +2 robe {Archmagi}
rPois   .          Reflect  .    h - +1 helmet
rElec   .          Rampage  .    p - +0 cloak
rCorr   .          Archmagi +    (no gloves)
Will    +....                    C - +0 pair of boots
Stlth   ++                       P - amulet of faith
HPRegen 0.31/turn                v - +4 ring of evasion
MPRegen 0.24/turn                K - ring of ice

@: mildly poisoned (51 -> 39)
A: iridescent scales 1, fire resistance 1, strong 1
a: Renounce Religion, Channel Magic, Forget Spell, Divine Exegesis


You were on level 6 of the Lair of Beasts.
You worshipped Sif Muna.
Sif Muna was extremely pleased with you.
You visited 3 branches of the dungeon, and saw 18 of its levels.
You also visited: Sewer.

You collected 1992 gold pieces.
You spent 576 gold pieces at shops.

Inventory:

Armour
 h - a +1 helmet (worn)
 p - a +0 cloak (worn)
 C - a +0 pair of boots (worn)
 M - a +0 buckler (worn)
 S - +1 steam dragon scales
 W - a +2 robe of the Archmagi (worn)
Magical Staves
 a - a staff of conjuration (weapon)
 f - a staff of cold
Jewellery
 b - a ring of wizardry
 i - a ring of positive energy
 v - a +4 ring of evasion (left hand)
 F - a ring of resist corrosion
 G - a ring of see invisible
 K - a ring of ice (right hand)
 P - an amulet of faith (around neck)
Wands
 q - a wand of charming (15)
 y - a wand of polymorph (21)
 E - a wand of iceblast (29)
 I - a wand of digging (3)
 Q - a wand of paralysis (19)
 T - a wand of flame (27)
 Z - a wand of acid (11)
Scrolls
 k - 4 scrolls of vulnerability
 m - 2 scrolls of noise
 r - a scroll of fear
 w - 3 scrolls of silence
 B - 5 scrolls of teleportation
 L - 2 scrolls of enchant armour
 O - a scroll of holy word
 U - a scroll of immolation
 V - a scroll of blinking
Potions
 c - 4 potions of brilliance
 d - 2 potions of invisibility
 e - 3 potions of attraction
 j - 6 potions of mutation
 n - 6 potions of resistance
 o - a potion of berserk rage
 x - 2 potions of haste
 z - a potion of might
 A - a potion of magic {unknown}
 D - 2 potions of ambrosia
 H - a potion of heal wounds
 J - 4 potions of cancellation
 N - 4 potions of curing
Miscellaneous
 l - a tin of tremorstones (2/2)


   Skills:
 - Level 2.4 Dodging
 - Level 2.4 Stealth
 - Level 4.0 Shields
 + Level 15.1 Spellcasting
 * Level 17.9 Conjurations
 - Level 10.0 Hexes
 - Level 5.0 Translocations
 + Level 5.9 Ice Magic
 - Level 5.0 Earth Magic
 + Level 11.6 Invocations


You had 7 spell levels left.
You knew the following spells:

 Your Spells              Type           Power      Damage    Failure   Level
a - Magic Dart            Conj           100%       1d8       0%          1
b - Searing Ray           Conj           100%       2d8       0%          2
c - Fulminant Prism       Conj/Hex       61%        3d26      1%          4
d - Iskenderun's Mystic   Conj/Tloc      100%       2d19      1%          4
e - Iskenderun's Battles  Conj           100%       2d15      1%          5
f - Stone Arrow           Conj/Erth      100%       3d13      1%          3
g - Hailstorm             Conj/Ice       100%       3d20      1%          3
h - Freezing Cloud        Conj/Ice/Air   61%        6-21      3%          5
i - Orb of Destruction    Conj           67%        9d16      1%          7
n - Blink                 Tloc           100%       N/A       1%          2

Your spell library contained the following spells:

 Spells                   Type           Power      Damage    Failure   Level
 Apportation              Tloc           100%       N/A       1%          1
 Foxfire                  Conj/Fire      100%       2x1d9     1%          1
 Freeze                   Ice            100%       1d10      1%          1
 Shock                    Conj/Air       100%       1d9       1%          1
 Lesser Beckoning         Tloc           100%       N/A       1%          2
 Static Discharge         Conj/Air       100%       2-7/arc   1%          2
 Dazzling Flash           Conj/Hex       100%       N/A       1%          3
 Frozen Ramparts          Ice            100%       1d16      1%          3
 Inner Flame              Hex/Fire       65%        N/A       1%          3
 Mephitic Cloud           Conj/Pois/Air  89%        N/A       1%          3
 Ozocubu's Armour         Ice            89%        N/A       1%          3
 Portal Projectile        Hex/Tloc       100%       N/A       1%          3
 Summon Guardian Golem    Hex/Summ       65%        N/A       1%          3
 Tukima's Dance           Hex            86%        N/A       1%          3
 Flame Wave               Conj/Fire      100%       2d21      1%          4
 Leda's Liquefaction      Hex/Erth       38%        N/A       1%          4
 Fireball                 Conj/Fire      51%        3d20      1%          5
 Lightning Bolt           Conj/Air       51%        1d72      1%          5
 Animate Skeleton         Necr           62%        N/A       3%          1
 Pain                     Necr           100%       1d9       3%          1
 Manifold Assault         Tloc           65%        N/A       3%          4
 Metabolic Englaciation   Hex/Ice        49%        N/A       3%          5
 Iron Shot                Conj/Erth      56%        9d11      4%          6
 Invisibility             Hex            43%        N/A       8%          6
 Call Canine Familiar     Summ           31%        N/A       9%          3
 Vampiric Draining        Necr           31%        2d8       9%          3
 Ice Form                 Ice/Tmut       71%        N/A       9%          4
 Silence                  Hex/Air        32%        N/A       11%         5
 Summon Mana Viper        Hex/Summ       65%        N/A       11%         5
 Conjure Ball Lightning   Conj/Air       51%        3x3d18    12%         6
 Summon Lightning Spire   Summ/Air       31%        N/A       30%         4
 Spellforged Servitor     Conj/Summ      51%        N/A       54%         7
 Alistair's Intoxication  Tmut/Pois      20%        N/A       63%         5
 Simulacrum               Ice/Necr       35%        N/A       80%         6
 Malign Gateway           Summ/Tloc      25%        N/A       100%        7
 Lehudib's Crystal Spear  Conj/Erth      56%        10d13     87%         8
 Borgnjor's Revivificati  Necr           15%        N/A       100%        8
 Summon Horrible Things   Summ           15%        N/A       100%        8
 Polar Vortex             Ice            44%        N/A       100%        9


Dungeon Overview and Level Annotations

Branches:
Dungeon (11/15)            Temple (1/1) D:4            Lair (6/6) D:9
 Shoals (0/4) Lair:4       Spider (0/4) Lair:2        Slime (0/5) Lair:6
  Sewer (visited)
    Orc: D:9-12

Altars:
Ashenzari
Cheibriados
Dithmenos
Elyvilon
Fedhas
Gozag
Hepliaklqana
Kikubaaqudgha
Makhleb
Nemelex Xobeh
Okawaru
Qazlal
Ru
Sif Muna
Trog
Uskayaw
Vehumet
Wu Jian
Xom
Yredelemnul
Zin
The Shining One
Jiyva

Shops:
D:6 :

Portals:
Abyss: D:4

Annotations:
D:4 2 transporters, AlleluiaPinecone's ghost, novice VSBr
D:6 exclusion: statue
D:8 2 transporters, rustyseabutter's ghost, novice MiFi


Innate Abilities, Weirdness & Mutations

You are partially covered in iridescent scales. (AC +2)
Your flesh is heat resistant. (rF+)
Your muscles are strong. (Str +4, Int/Dex -1)


Message History

Press: ? - help, Dir - move target You feel a strong surge of power!
You conjure a prism of explosive energy!
The guardian serpent shouts!
A fulminant prism comes into view.
Your battlesphere fires!
The barrage of energy hits the black mamba!
The black mamba is moderately wounded.
Your battlesphere expends the last of its energy and dissipates.
The cane toad stings your fulminant prism!!
A redback comes into view.
The guardian serpent hits your fulminant prism!!
Your fulminant prism detonates feebly.
A cane toad comes into view.
The cane toad croaks.
Unknown command.
Casting: Fulminant Prism (safe; 1% risk of failure)
Confirm with . or Enter, or press ? or * to list all spells.
Aiming: Freezing Cloud (dangerous; 2% risk of failure)
Press: ? - help, Dir - move target, f - cane toad
Aim: a cane toad You feel a huge surge of power!
The black mamba is engulfed in freezing vapours.
The black mamba seems to slow down.
The guardian serpent is engulfed in freezing vapours.
The redback is engulfed in freezing vapours.
The black mamba is engulfed in freezing vapours.
The cane toad is engulfed in freezing vapours.
The cane toad seems to slow down.
The guardian serpent is engulfed in freezing vapours.
The guardian serpent casts a spell at you.
The bolt of poison misses the black mamba.
The bolt of poison hits you.
You are poisoned.
Unknown command.
Welcome back, pokedragonboy the Deep Elf Conjurer.
Sif Muna whispers: I know many secrets...
Press ? for a list of commands and other information.
Okay, then.
Are you sure you want to abandon this character and quit the game? (Confirm with "yes".)

..........##...#.....
.#.........##..##
............##..#
......###....##.#
.....## ###...######
.....# .###..##..##
....## .F§####§...#
.....# .§§§F§§....#
.....# .§sS§S§@...#
....## .§§####....#
.....# ###......##
...#.## ###...#..###
...#..###....##(##
............##!.#
...........##..##
..........##...
.........##...#


You could see a guardian serpent, a black mamba (slow), 2 cane toads and a
redback.

Vanquished Creatures
  Gastronok (Lair:1)
  Snorg (D:10)
  Josephine (Lair:5)
  5 hydras
  A catoblepas (Lair:5)
  A boulder beetle (Lair:5)
  2 two-headed ogres
  Nergalle (Lair:3)
  A fire crab (Lair:6)
  Pikel (D:6)
  2 oklob plants (Lair:5)
  4 wolf spiders
  A merfolk siren (Lair:4)
  Maurice (D:8)
  4 elephants (Lair:4)
  Maggie (D:8)
  10 black mambas
  19 cane toads
  A kobold demonologist (D:11)
  7 rime drakes
  An unseen horror (D:9)
  7 komodo dragons
  A troll (D:10)
  A jumping spider (Lair:2)
  2 polar bears (Lair:5)
  3 hornets
  6 dream sheep (Lair:6)
  37 blink frogs
  2 redbacks
  12 wyverns
  55 yaks
  2 humans (D:7)
  A vampire (D:8)
  4 wraiths (Lair:5)
  4 basilisks
  A warg (Lair:6)
  4 hell hounds (Lair:6)
  Duvessa (D:7)
  23 water moccasins
  An orc warrior (D:9)
  A sky beast (D:8)
  3 ogres
  7 black bears
  9 wolves
  A phantom (D:6)
  A lemure (D:6)
  4 kobold brigands
  3 gnoll sergeants
  7 scorpions
  11 bullfrogs
  Dowan (D:7)
  A water moccasin skeleton (D:6)
  7 wights
  2 electric eels (D:8)
  A bullfrog zombie (D:6)
  4 centaur zombies
  2 centaur skeletons (D:5)
  2 hounds
  A bullfrog skeleton (D:6)
  3 jellies
  Crazy Yiuf (D:7)
  2 orc priests
  A gnoll bouda (D:9)
  Jessica (D:3)
  Terence (D:2)
  2 iguanas
  4 orc wizards
  2 killer bee zombies
  A hound zombie (D:5)
  2 hound skeletons (D:5)
  A howler monkey zombie (D:8)
  Robin (D:2)
  14 gnolls
  18 adders
  4 river rats (Sewer)
  A white imp (D:7)
  An ufetubus (D:2)
  An adder skeleton (D:4)
  3 dart slugs
  21 orcs
  6 ball pythons
  15 bats
  6 endoplasms
  2 giant cockroaches
  17 goblins
  11 hobgoblins
  5 jackals (D:4)
  8 quokkas
  4 frilled lizards
  31 kobolds
  28 rats
  A butterfly (Lair:6)
  A fulminant prism (Lair:5)
521 creatures vanquished.

Vanquished Creatures (others)
  70 fulminant prisms
  87 fungi
  174 plants
331 creatures vanquished.

Grand Total: 852 creatures vanquished

Notes
Turn   | Place    | Note
-------+----------+-------------------------------------------
     0 | D:1      | pokedragonboy the Deep Elf Conjurer began the quest for the
                  | Orb.
     0 | D:1      | Reached XP level 1. HP: 10/10 MP: 6/6
   252 | D:1      | Found a faded altar of an unknown god.
   296 | D:1      | Reached XP level 2. HP: 15/15 MP: 6/8
   487 | D:1      | Learned a level 2 spell: Searing Ray
   874 | D:1      | You fall into a shaft and drop 1 floor!
   881 | D:2      | Reached skill level 5 in Conjurations
   954 | D:2      | Noticed Terence
   960 | D:2      | Killed Terence
   961 | D:2      | Reached XP level 3. HP: 19/19 MP: 1/10
  1219 | D:2      | Reached XP level 4. HP: 24/24 MP: 7/12
  1320 | D:2      | Noticed Robin
  1328 | D:2      | Killed Robin
  1538 | D:2      | Reached skill level 6 in Conjurations
  2233 | D:1      | Learned a level 4 spell: Fulminant Prism
  2238 | D:1      | Learned a level 4 spell: Iskenderun's Mystic Blast
  2461 | D:3      | Found an ornate altar of the Wu Jian Council.
  2547 | D:3      | Reached XP level 5. HP: 28/28 MP: 12/14
  2918 | D:3      | Noticed Jessica
  2920 | D:3      | Killed Jessica
  2921 | D:3      | Reached skill level 1 in Hexes
  2929 | D:3      | Got Jessica's Volume of the Traveller
  3000 | D:3      | Reached skill level 5 in Spellcasting
  3374 | D:4      | Found a hide-covered altar of Uskayaw.
  3374 | D:4      | Found a hazy altar of Hepliaklqana.
  3455 | D:4      | Found a transporter.
  3459 | D:4      | Found a transporter.
  3667 | D:4      | Reached XP level 6. HP: 32/32 MP: 9/15
  3707 | D:4      | Found a staircase to the Ecumenical Temple.
  3713 | D:5      | Entered Level 5 of the Dungeon
  3728 | Temple   | Entered the Ecumenical Temple
  3747 | Temple   | Became a worshipper of Sif Muna the Loreminder
  3862 | D:5      | Reached skill level 7 in Conjurations
  4016 | D:5      | Reached skill level 1 in Invocations
  4101 | D:5      | Reached XP level 7. HP: 33/36 MP: 0/17
  4266 | D:5      | Found a glowing drain.
  4272 | Sewer    | Entered a sewer
  4450 | Sewer    | Gained mutation: Your muscles are strong. (Str +4, Int/Dex
                  | -1) [potion of mutation]
  4450 | Sewer    | Gained mutation: Your flesh is heat resistant. (rF+)
                  | [potion of mutation]
  4450 | Sewer    | Gained mutation: You are partially covered in iridescent
                  | scales. (AC +2) [potion of mutation]
  4504 | Sewer    | Reached * piety under Sif Muna
  4873 | Sewer    | Reached skill level 8 in Conjurations
  5650 | D:4      | Found a one-way gate to the infinite horrors of the Abyss.
  5655 | D:4      | Noticed AlleluiaPinecone's ghost (novice VSBr)
  5744 | D:4      | Found a basalt altar of Yredelemnul.
  6204 | D:6      | Found a radiant altar of Vehumet.
  6299 | D:6      | Reached XP level 8. HP: 41/41 MP: 12/20
  6402 | D:6      | Reached ** piety under Sif Muna
  6420 | D:6      | Reached skill level 5 in Hexes
  6656 | D:6      | Noticed Pikel
  6662 | D:6      | Killed Pikel
  6663 | D:6      | Reached skill level 9 in Conjurations
  7034 | D:6      | Found Zacruckeg's Book Shoppe.
  7286 | D:6      | Reached skill level 10 in Conjurations
  7286 | D:6      | Reached skill level 5 in Invocations
  7286 | D:6      | Reached XP level 9. HP: 45/45 MP: 16/23
  7388 | D:6      | Learned a level 2 spell: Blink
  7480 | D:6      | Found a sacrificial altar of Ru.
  7986 | D:7      | Reached skill level 1 in Translocations
  8169 | D:7      | Noticed Duvessa
  8173 | D:7      | Noticed Dowan
  8428 | D:7      | Found an iron altar of Okawaru.
  8643 | D:7      | Reached skill level 1 in Shields
  8752 | D:7      | Killed Duvessa
  8757 | D:7      | Killed Dowan
  9082 | D:7      | Found a runed translucent door.
  9083 | D:7      | Noticed Crazy Yiuf
  9338 | D:7      | Killed Crazy Yiuf
  9584 | D:8      | Noticed Maurice
  9590 | D:8      | Paralysed by Maurice for 4 turns
  9594 | D:8      | Reached *** piety under Sif Muna
  9598 | D:8      | Killed Maurice
  9599 | D:8      | Reached skill level 11 in Conjurations
  9804 | D:8      | Noticed a two-headed ogre
  9811 | D:8      | Killed a two-headed ogre
  9812 | D:8      | Reached XP level 10. HP: 50/50 MP: 11/25
 10381 | D:8      | Noticed Maggie
 10388 | D:8      | Killed Maggie
 10709 | D:8      | Found a transporter.
 10734 | D:8      | Found a transporter.
 10757 | D:8      | Noticed rustyseabutter's ghost (novice MiFi)
 10950 | D:9      | Noticed a two-headed ogre
 10958 | D:9      | Killed a two-headed ogre
 10959 | D:9      | Reached skill level 10 in Spellcasting
 10959 | D:9      | Reached skill level 12 in Conjurations
 11557 | D:9      | Found a staircase to the Lair.
 11717 | D:6      | Bought the Guide on Dusty Evil Magic for 576 gold pieces
 11721 | D:6      | Learned a level 3 spell: Stone Arrow
 11809 | D:9      | Got the Compendium of Enchantment
 11822 | D:9      | Reached **** piety under Sif Muna
 11823 | D:9      | Reached skill level 5 in Translocations
 12160 | D:9      | Identified a scroll of acquirement
 12160 | D:9      | Acquired a staff of conjuration
 12581 | D:10     | Entered Level 10 of the Dungeon
 12650 | D:10     | Upgraded the game from 0.28-a0-655-g4eb62b627b to
                  | 0.28-a0-657-g71136c5590
 12667 | D:10     | Noticed Snorg
 12676 | D:10     | Killed Snorg
 12677 | D:10     | Reached XP level 11. HP: 54/54 MP: 6/27
 12829 | D:10     | Acquired Sif Muna's Catalogue of Arcane Weapons and the
                  | Voyage
 12837 | D:10     | Learned a level 5 spell: Iskenderun's Battlesphere
 13132 | D:10     | Reached skill level 13 in Conjurations
 13653 | D:11     | Noticed a white ugly thing
 13820 | Lair:1   | Entered Level 1 of the Lair of Beasts
 13993 | Lair:1   | Noticed Gastronok
 14004 | Lair:1   | Reached ***** piety under Sif Muna
 14043 | Lair:1   | Killed Gastronok
 14201 | Lair:1   | Received a gift from Sif Muna
 14202 | Lair:1   | Reached skill level 14 in Conjurations
 14204 | Lair:1   | Got Sif Muna's Incunabulum of Flight {god gift}
 14474 | Lair:1   | Noticed a four-headed hydra
 14479 | Lair:1   | Killed a four-headed hydra
 14646 | Lair:1   | Reached XP level 12. HP: 59/59 MP: 21/30
 15257 | Lair:2   | Reached skill level 1 in Earth Magic
 15900 | Lair:2   | Reached skill level 15 in Conjurations
 16100 | Lair:2   | Found a hole to the Spider Nest.
 17487 | Lair:3   | Noticed Nergalle
 17492 | Lair:3   | Killed Nergalle
 17946 | Lair:4   | Reached XP level 13. HP: 63/63 MP: 7/32
 18379 | Lair:4   | Reached skill level 10 in Invocations
 18696 | Lair:4   | Received a gift from Sif Muna
 18697 | Lair:4   | Reached skill level 16 in Conjurations
 18697 | Lair:4   | Reached skill level 10 in Hexes
 18701 | Lair:4   | Got Sif Muna's Incunabulum of the Snowflakes {god gift}
 18707 | Lair:4   | Learned a level 3 spell: Hailstorm
 18803 | Lair:4   | Reached skill level 5 in Earth Magic
 19040 | Lair:4   | Reached skill level 1 in Ice Magic
 19231 | Lair:4   | Found a staircase to the Shoals.
 19467 | Lair:4   | Learned a level 5 spell: Freezing Cloud
 20017 | Lair:5   | Noticed Josephine
 20021 | Lair:5   | Killed Josephine
 20484 | Lair:5   | Found the +2 robe of Vines {NoPotionHeal Regen+++}
 20797 | Lair:5   | Reached skill level 17 in Conjurations
 20833 | Lair:5   | Acquired 648 gold pieces
 21153 | Lair:5   | Upgraded the game from 0.28-a0-657-g71136c5590 to
                  | 0.28-a0-662-g1651b1f1e0
 21168 | Lair:6   | Entered Level 6 of the Lair of Beasts
 21481 | Lair:5   | Upgraded the game from 0.28-a0-662-g1651b1f1e0 to
                  | 0.28-a0-664-gc179e30c89
 21752 | Lair:6   | Reached XP level 14. HP: 68/68 MP: 25/34
 22160 | Lair:6   | Received a gift from Sif Muna
 22235 | Lair:6   | Learned a level 7 spell: Orb of Destruction
 22255 | Lair:6   | Reached skill level 5 in Ice Magic
 22746 | Lair:6   | Found a staircase to the Slime Pits.
 22746 | Lair:6   | Found a viscous altar of Jiyva.
 22982 | Lair:5   | Upgraded the game from 0.28-a0-664-gc179e30c89 to
                  | 0.28-a0-687-gb91baff9cc
 23246 | Lair:6   | Reached skill level 15 in Spellcasting
 23800 | Lair:6   | Upgraded the game from 0.28-a0-687-gb91baff9cc to
                  | 0.30-a0-883-g5ad918d77d
 23800 | Lair:6   | Quit the game

Illustrated notes

Levels and vault maps discovered:
D:1:      elethiomel_arrival_shortcut, layout_loops_ring,
          shapermc_ecumenical_altar_mp_ritualfount,
          chequers_serial_rivers_large_b, minivault_25
D:2:      layout_basic, uniq_terence, uniq_robin
D:3:      kennysheep_the_goblin_king, layout_loops_ring,
          mainiacjoe_overflow_chevrons, kennysheep_jessica_study
D:4:      layout_rooms, chequers_temple_overflow_statue_of_worship,
          mainiacjoe_overflow_alcove_4, minmay_temple_entry_stoned_glass,
          gammafunk_ghost_abyssal_escape, chequers_mini_garden
D:5:      layout_gridville, portal_sewer_entry_e, minivault_4
D:6:      layout_layer_cave, vehumet_statue, nicolae_overflow_crystal_walls,
          serial_shops, shop_fountains, minmay_fractal_squares_5, uniq_pikel
D:7:      layout_rooms, okawaru_humans, serial_glass, glass_columns_a,
          glass_columns_b, lemuel_flame_loot_1, uniq_crazy_yiuf_cottage,
          uniq_duvessa
D:8:      layout_basic, gammafunk_ghost_stat_death, uniq_maggie, uniq_maurice
D:9:      old_forge, layout_irregular_city
D:10:     layout_roguey, due_unseen_surprise, uniq_snorg
D:11:     layout_roguey
Temple:   minmay_freezing_vapour_temple
Lair:1:   layout_long_grid, serial_forest, infiniplex_forest_corner_1,
          infiniplex_forest_clump_medium, infiniplex_forest_side_room,
          infiniplex_forest_clump_tiny, infiniplex_forest_end_3, uniq_gastronok
Lair:2:   layout_regular_city, spider_nest_entry_funnel_web,
          serial_bayou_pond_c, lemuel_fruit_fields
Lair:3:   layout_cave_pods, uniq_nergalle
Lair:4:   layout_cave_pods, minmay_shoals_entry_lonely_mermaid
Lair:5:   layout_gridlike, hellmonk_guarded_unrand_vines, uniq_josephine
Lair:6:   hangedman_lair_tendril_chambers, layout_gridlike,
          hangedman_lair_caniforms_friends, slime_altar_1,
          maelrawn_ghost_gauntlet_escape, lemuel_fruit_fields

Skill      XL: |  1  2  3  4  5  6  7  8  9 10 11 12 13 14 |
---------------+-------------------------------------------+-----
Conjurations   | 5 6 7 8 10 11 12 14 15 17 | 17.9
Spellcasting   | 4 5 6 8 9 10 12 13 14 15 | 15.1
Hexes          | 2 3 4 5 6 8 9 10 | 10.0
Invocations    | 1 3 5 7 8 9 11 | 11.6
Translocations | 3 5 |  5.0
Shields        | 4 |  4.0
Earth Magic    | 4 5 |  5.0
Ice Magic      | 4 5 |  5.9
Dodging        | |  2.4
Stealth        | |  2.4

Action                     |  1- 3 |  4- 6 |  7- 9 | 10-12 | 13-15 || total
---------------------------+-------+-------+-------+-------+-------++-------
  Melee: Staff             |     8 |       |     2 |     1 |     2 ||    13
   Cast: Magic Dart        |    42 |    99 |   132 |   149 |   129 ||   551
         Searing Ray       |     3 |    22 |    41 |    43 |    13 ||   122
         Fulminant Prism   |       |       |    21 |    36 |    14 ||    71
         Iskenderun's Myst |       |       |    12 |    38 |    34 ||    84
         Stone Arrow       |       |       |       |    26 |    36 ||    62
         Iskenderun's Batt |       |       |       |    35 |    37 ||    72
         Hailstorm         |       |       |       |       |    11 ||    11
         Freezing Cloud    |       |       |       |       |    20 ||    20
         Orb of Destructio |       |       |       |       |     6 ||     6
 Invoke: Channel Magic     |       |       |       |     1 |     1 ||     2
  Evoke: Wand              |       |       |       |     1 |       ||     1
    Use: Scroll            |       |     5 |     6 |    11 |     6 ||    28
         Potion            |       |       |     3 |     1 |     1 ||     5
 Armour: Robe              |     3 |       |       |       |     5 ||     8
         Animal skin       |       |    17 |    19 |       |       ||    36
         Steam dragon scal |       |       |       |    16 |       ||    16
  Dodge: Dodged            |    12 |    15 |    42 |    28 |    43 ||   140
  Block: Buckler           |       |       |       |     8 |     9 ||    17

Table legend: (Time is in decaauts)
 A = Elapsed time spent in this place.
 B = Non-inter-level travel time spent in this place.
 C = Inter-level travel time spent in this place.
 D = Time resting spent in this place.
 E = Time spent auto-exploring this place.
 F = Levels seen in this place.
 G = Mean time per level.
                   A        B        C        D        E       F      G
               +--------+--------+--------+--------+--------+-----+--------+
         Total |  23859 |  22707 |   1152 |   7902 |  11362 |  19 | 1255.7 |
       Dungeon |  12903 |  12240 |    663 |   3869 |   6531 |  11 | 1173.0 |
        Temple |     24 |     24 |      0 |      0 |      0 |   1 |   24.0 |
          Lair |  10007 |   9519 |    488 |   3768 |   4371 |   6 | 1667.8 |
         Sewer |    924 |    924 |      0 |    265 |    459 |   1 |  924.0 |
               +--------+--------+--------+--------+--------+-----+--------+

Top non-repeatable levels by time:
  Lair:4: 2224 daAuts
     D:6: 2056 daAuts
  Lair:5: 1993 daAuts
  Lair:6: 1616 daAuts
     D:8: 1554 daAuts
  Lair:1: 1515 daAuts
     D:9: 1412 daAuts
  Lair:2: 1358 daAuts
     D:7: 1319 daAuts
  Lair:3: 1297 daAuts
     D:2: 1279 daAuts
    D:10: 1185 daAuts
     D:5: 1179 daAuts
     D:1: 1126 daAuts
   Sewer: 924 daAuts
